[Event "USA-ch Juniors Open 2019"]
[Site "Saint Louis"]
[Date "2019.07.11"]
[Round "1.1"]
[White "Checa, Nicolas"]
[Black "Vaidya, Atulya"]
[Result "1-0"]
[ECO "D38"]
[WhiteElo "2506"]
[BlackElo "2118"]
[Annotator "ChessBase"]
[PlyCount "83"]
[EventDate "2019.07.09"]
[EventType "tourn"]
[EventCountry "USA"]
[SourceTitle "playchess.com"]
[Source "ChessBase"]
[SourceQuality "1"]
[TimeControl "40/5400+30:1800+30"]

1. d4 Nf6 2. c4 e6 3. Nf3 d5 4. Nc3 Bb4 5. Qb3 c5 6. dxc5 Na6 7. a3 Bxc3+ 8. Qxc3 Nxc5 9. cxd5 Qxd5 10. Be3 Nce4 11. Qe5 O-O 12. Rd1 Qxe5 13. Nxe5 Nd5 14. Bc1 Nd6 15. f3 f5 16. e3 b6 17. Bd2 Bb7 18. Bb4 Nxb4 19. Rxd6 Nd5 20. Bc4 Rad8 21. Rxd8 Rxd8 22. Kf2 Kf8 23. Rc1 Rc8 24. Rd1 Ke7 25. Bb3 Rc7 26. h3 h5 27. h4 a5 28. Rd2 Kf6 29. Nd3 g5 30. hxg5+ Kxg5 31. Bxd5 Bxd5 32. Nf4 Rc5 33. b4 axb4 34. axb4 Rb5 35. Rd4 Bb3 36. g3 Ba2 37. Ke2 Bb3 38. Kd2 Bd5 39. Ke2 Bb3 40. Kd3 Bd5 41. Nxd5 exd5 42. Kc3 1-0

[Event "USA-ch Juniors Open 2019"]
[Site "Saint Louis"]
[Date "2019.07.12"]
[Round "2.3"]
[White "Burke, John M"]
[Black "Tang, Andrew"]
[Result "1/2-1/2"]
[ECO "C60"]
[WhiteElo "2562"]
[BlackElo "2495"]
[Annotator "ChessBase"]
[PlyCount "59"]
[EventDate "2019.07.09"]
[EventType "tourn"]
[EventCountry "USA"]
[SourceTitle "playchess.com"]
[Source "ChessBase"]
[SourceQuality "1"]
[TimeControl "40/5400+30:1800+30"]

1. e4 e5 2. Nf3 Nc6 3. Bb5 g6 4. d4 exd4 5. Bg5 Be7 6. Bxe7 Qxe7 7. Bxc6 dxc6 8. Qxd4 Nf6 9. Nc3 Bg4 10. Nd2 c5 11. Qe3 O-O-O 12. f3 Be6 13. O-O-O b6 14. g4 Kb8 15. Nb3 Bc8 16. h4 Rxd1+ 17. Rxd1 h6 18. Qf4 Be6 19. Nd2 Ne8 20. Qg3 Nd6 21. Nf1 Nc4 22. b3 Qf6 23. f4 Bxg4 24. Qxg4 Qxc3 25. bxc4 Qa1+ 26. Kd2 Qd4+ 27. Kc1 Qa1+ 28. Kd2 Qd4+ 29. Kc1 Qa1+ 30. Kd2 1/2-1/2

[Event "USA-ch Juniors Open 2019"]
[Site "Saint Louis"]
[Date "2019.07.12"]
[Round "2.4"]
[White "Niemann, Hans Moke"]
[Black "Yu, Jennifer"]
[Result "1-0"]
[ECO "A06"]
[WhiteElo "2467"]
[BlackElo "2341"]
[PlyCount "59"]
[EventDate "2019.07.09"]
[EventType "tourn"]
[EventCountry "USA"]
[TimeControl "40/5400+30:1800+30"]

1. Nf3 d5 2. c4 e6 3. b3 Nf6 4. Bb2 Bd6 5. g4 Nxg4 6. Rg1 e5 7. h3 e4 8. hxg4 exf3 9. e3 Qg5 10. Qxf3 h5 11. Nc3 hxg4 12. Qxd5 Qxd5 13. Nxd5 Kf8 14. e4 Na6 15. Be2 f6 16. d4 Bh2 17. Rg2 Rh4 18. Kd2 Bd7 19. Kc2 Re8 20. Rh1 g3 21. fxg3 Bxg3 22. Ba3+ c5 23. Rxh4 Bxh4 24. dxc5 Kg8 25. Bd3 Nb8 26. Bb2 Kf7 27. e5 Bg5 28. exf6 gxf6 29. Bxf6 Bxf6 30. Bg6+ 1-0

[Event "USA-ch Juniors Open 2019"]
[Site "Saint Louis"]
[Date "2019.07.12"]
[Round "2.5"]
[White "Checa, Nicolas"]
[Black "Jacobson, Brandon"]
[Result "1/2-1/2"]
[ECO "D37"]
[WhiteElo "2506"]
[BlackElo "2456"]
[Annotator "ChessBase"]
[PlyCount "128"]
[EventDate "2019.07.09"]
[EventType "tourn"]
[EventCountry "USA"]
[SourceTitle "playchess.com"]
[Source "ChessBase"]
[SourceQuality "1"]
[TimeControl "40/5400+30:1800+30"]

1. d4 Nf6 2. Nf3 d5 3. c4 e6 4. Nc3 a6 5. cxd5 exd5 6. Bg5 Be6 7. e3 Nbd7 8. h3 Bd6 9. Bd3 c6 10. O-O Qc7 11. Qd2 O-O 12. Rac1 Rfe8 13. Rfe1 g6 14. Bf4 Rad8 15. b3 Qb8 16. Rb1 Qc7 17. a4 Nb6 18. Ne2 Ne4 19. Qa5 Na8 20. Qxc7 Nxc7 21. Rec1 Bf5 22. Bxd6 Nxd6 23. Bxf5 Nxf5 24. g4 Nd6 25. Kg2 Kg7 26. Nf4 Re7 27. Ne5 Ne6 28. Nfd3 f6 29. Nf3 Rh8 30. Nc5 h5 31. Nxe6+ Rxe6 32. Rh1 Ne4 33. Rbc1 a5 34. Rc2 Ree8 35. Rb1 hxg4 36. hxg4 Nd6 37. Rh1 Rxh1 38. Kxh1 Re4 39. Nh2 f5 40. gxf5 gxf5 41. Kg2 f4 42. Nf1 Nf5 43. Rc3 Kf6 44. Nd2 Re8 45. Kf3 fxe3 46. fxe3 Rh8 47. Nf1 Nd6 48. Rc5 Ra8 49. Ng3 Ke7 50. Rc1 Rf8+ 51. Kg2 Kd7 52. Rh1 Rf7 53. Rh8 Kc7 54. Rh1 b5 55. axb5 cxb5 56. Rh8 Kb7 57. Rd8 Ne4 58. Nxe4 dxe4 59. Rd5 Kb6 60. Rd6+ Ka7 61. Rd5 Kb6 62. Rd6+ Kb7 63. Rd5 Kc6 64. Re5 a4 1/2-1/2

[Event "USA-ch Juniors Open 2019"]
[Site "Saint Louis"]
[Date "2019.07.14"]
[Round "4.1"]
[White "Vaidya, Atulya"]
[Black "Sheng, Joshua"]
[Result "1/2-1/2"]
[ECO "E34"]
[WhiteElo "2118"]
[BlackElo "2449"]
[Annotator "ChessBase"]
[PlyCount "60"]
[EventDate "2019.07.09"]
[EventType "tourn"]
[EventCountry "USA"]
[SourceTitle "playchess.com"]
[Source "ChessBase"]
[SourceQuality "1"]
[TimeControl "40/5400+30:1800+30"]

1. d4 Nf6 2. c4 e6 3. Nc3 Bb4 4. Qc2 d5 5. cxd5 Qxd5 6. e3 c5 7. Bd2 Bxc3 8. Bxc3 Nc6 9. dxc5 Qxc5 10. Bd3 O-O 11. a3 Qh5 12. Ne2 Nd5 13. Nf4 Nxf4 14. exf4 Bd7 15. O-O Ne7 16. Be4 Bc6 17. Bb4 Rfe8 18. Bxe7 Bxe4 19. Qxe4 Rxe7 20. Rfd1 Rc7 21. Rd2 Rac8 22. g3 g6 23. Kg2 Qb5 24. Rad1 Rc4 25. Qe5 Qxe5 26. fxe5 R8c5 27. Rd8+ Kg7 28. R8d7 Rxe5 29. Rxb7 Rc2 30. Rd3 Rf5 1/2-1/2

[Event "USA-ch Juniors Open 2019"]
[Site "Saint Louis"]
[Date "2019.07.14"]
[Round "4.3"]
[White "Niemann, Hans Moke"]
[Black "Hilby, Craig"]
[Result "1-0"]
[ECO "A05"]
[WhiteElo "2467"]
[BlackElo "2433"]
[PlyCount "33"]
[EventDate "2019.07.09"]
[EventType "tourn"]
[EventCountry "USA"]
[TimeControl "40/5400+30:1800+30"]

1. Nf3 Nf6 2. c4 g6 3. Nc3 d5 4. cxd5 Nxd5 5. Qb3 Nb6 6. d4 Bg7 7. Bf4 Be6 8. Qa3 c5 9. e4 cxd4 10. Nb5 O-O 11. Nc7 Nc6 12. Nxa8 Qxa8 13. Rc1 f5 14. e5 Nd5 15. Bd2 Nxe5 16. Nxd4 Nb6 17. Nxe6 1-0

[Event "USA-ch Juniors Open 2019"]
[Site "Saint Louis"]
[Date "2019.07.15"]
[Round "5.1"]
[White "Yu, Jennifer"]
[Black "Vaidya, Atulya"]
[Result "0-1"]
[ECO "A04"]
[WhiteElo "2341"]
[BlackElo "2118"]
[Annotator "RC"]
[PlyCount "82"]
[EventDate "2019.07.09"]
[EventType "tourn"]
[EventCountry "USA"]
[TimeControl "40/5400+30:1800+30"]

1. Nf3 f5 2. c4 g6 3. Nc3 Nf6 4. g3 Bg7 5. Bg2 d6 6. O-O O-O 7. d3 c6 8. Rb1 a5 9. a3 Re8 10. e4 e5 11. b4 Na6 12. Qb3 h6 13. Nh4 Kh7 14. exf5 g5 15. Nf3 Bxf5 16. Ne1 Rb8 17. Ne4 axb4 18. axb4 Nc7 19. Be3 Qd7 20. Nc2 d5 21. Nxf6+ Bxf6 22. cxd5 cxd5 23. Ba7 Rbc8 24. b5 Be6 25. d4 e4 26. f3 exf3 27. Rxf3 Bg7 28. Qd3+ Kh8 29. Bc5 Bg4 30. Rf2 Ne6 31. Ba3 Bh5 32. Bb2 Nf8 33. Ne3 Bg6 34. Nf5 Ne6 35. Qb3 Bxf5 36. Rxf5 Nf4 37. Rxf4 gxf4 38. gxf4 Qf5 39. Rf1 Rc4 40. Kh1 Re2 41. Bf3 Qh3 0-1

[Event "USA-ch Juniors Open 2019"]
[Site "Saint Louis"]
[Date "2019.07.17"]
[Round "6.1"]
[White "Vaidya, Atulya"]
[Black "Burke, John M"]
[Result "1/2-1/2"]
[ECO "E10"]
[WhiteElo "2118"]
[BlackElo "2562"]
[Annotator "ChessBase"]
[PlyCount "102"]
[EventDate "2019.07.09"]
[EventType "tourn"]
[EventCountry "USA"]
[SourceTitle "playchess.com"]
[Source "ChessBase"]
[SourceQuality "1"]
[TimeControl "40/5400+30:1800+30"]

1. d4 Nf6 2. c4 e6 3. Nf3 d5 4. cxd5 exd5 5. Qc2 Nc6 6. a3 Bd6 7. Bg5 h6 8. Bh4 Qe7 9. Bxf6 Qxf6 10. e3 Ne7 11. Bd3 g5 12. Nc3 g4 13. Nd2 c6 14. b4 Nf5 15. g3 Kf8 16. Nb3 Kg7 17. Qe2 h5 18. Rf1 Re8 19. Kd2 b6 20. h3 Qg5 21. hxg4 hxg4 22. f4 gxf3 23. Rxf3 c5 24. bxc5 bxc5 25. Nb5 a6 26. Rxf5 Bxf5 27. Nxd6 Bxd3 28. Nxe8+ Rxe8 29. Qxd3 c4 30. Qc3 cxb3 31. Qxb3 Re4 32. Qc3 Rg4 33. Rg1 Rxg3 34. Rxg3 Qxg3 35. Qc6 Qf2+ 36. Kd3 Qg2 37. Qd6 a5 38. Qe5+ Kg6 39. Qd6+ f6 40. Qf8 Qf1+ 41. Kd2 Qg2+ 42. Kd3 Qe4+ 43. Kd2 Kf5 44. Qc8+ Qe6 45. Qc7 Qg8 46. Qf4+ Ke6 47. Qc7 Qg2+ 48. Kd3 Qf1+ 49. Kd2 Qa6 50. Qd8 Qb5 51. Qg8+ Ke7 1/2-1/2

[Event "USA-ch Juniors Open 2019"]
[Site "Saint Louis"]
[Date "2019.07.17"]
[Round "6.2"]
[White "Niemann, Hans Moke"]
[Black "Sheng, Joshua"]
[Result "0-1"]
[ECO "A09"]
[WhiteElo "2467"]
[BlackElo "2449"]
[Annotator "ChessBase"]
[PlyCount "60"]
[EventDate "2019.07.09"]
[EventType "tourn"]
[EventCountry "USA"]
[SourceTitle "playchess.com"]
[Source "ChessBase"]
[SourceQuality "1"]
[TimeControl "40/5400+30:1800+30"]

1. Nf3 d5 2. c4 d4 3. g3 Nc6 4. Bg2 e5 5. d3 Bb4+ 6. Bd2 Bxd2+ 7. Nbxd2 a5 8. a3 a4 9. b4 axb3 10. Qxb3 Nf6 11. O-O Nd7 12. Ne1 O-O 13. Qb5 Ra6 14. f4 Rb6 15. Qd5 Rb2 16. Nef3 Ne7 17. Qa5 b6 18. Qa4 exf4 19. Qd1 Nc5 20. gxf4 Nf5 21. Qc1 Na4 22. Rf2 Ne3 23. Ne1 Ng4 24. Rf1 Qe7 25. Ne4 Rxe2 26. Ng3 Nc3 27. Nf3 Bb7 28. h3 Ne3 29. Rf2 Rxf2 30. Kxf2 Qd6 0-1

[Event "USA-ch Juniors Open 2019"]
[Site "Saint Louis"]
[Date "2019.07.17"]
[Round "6.3"]
[White "Checa, Nicolas"]
[Black "Liang, Awonder"]
[Result "1/2-1/2"]
[ECO "A80"]
[WhiteElo "2506"]
[BlackElo "2592"]
[Annotator "ChessBase"]
[PlyCount "60"]
[EventDate "2019.07.09"]
[EventType "tourn"]
[EventCountry "USA"]
[SourceTitle "playchess.com"]
[Source "ChessBase"]
[SourceQuality "1"]
[TimeControl "40/5400+30:1800+30"]

1. d4 f5 2. Nc3 Nf6 3. Bg5 d5 4. e3 e6 5. Nf3 h6 6. Bf4 g5 7. Bg3 Bg7 8. Nb5 Na6 9. c4 O-O 10. Bd3 c6 11. Nc3 Nc7 12. O-O Nce8 13. Qc2 Nd6 14. cxd5 cxd5 15. Nb5 Nxb5 16. Bxb5 Bd7 17. Bd3 Qb6 18. Bc7 Qb4 19. a3 Qe7 20. Rfc1 Rfc8 21. Qd1 Ba4 22. Qxa4 Rxc7 23. Rc2 a6 24. Rac1 Rac8 25. Ne5 Rxc2 26. Rxc2 Rxc2 27. Qxc2 Qd8 28. g3 Nd7 29. Nf3 Bf8 30. Ne5 Nxe5 1/2-1/2

[Event "USA-ch Juniors Open 2019"]
[Site "Saint Louis"]
[Date "2019.07.17"]
[Round "6.4"]
[White "Jacobson, Brandon"]
[Black "Hilby, Craig"]
[Result "1/2-1/2"]
[ECO "A00"]
[WhiteElo "2456"]
[BlackElo "2433"]
[Annotator "ChessBase"]
[PlyCount "74"]
[EventDate "2019.07.09"]
[EventType "tourn"]
[EventCountry "USA"]
[SourceTitle "playchess.com"]
[Source "ChessBase"]
[SourceQuality "1"]
[TimeControl "40/5400+30:1800+30"]

1. b4 c6 2. Bb2 Qb6 3. a3 a5 4. c4 axb4 5. c5 Qc7 6. axb4 Rxa1 7. Bxa1 d6 8. cxd6 Qxd6 9. Qb3 b5 10. e4 Na6 11. Bc3 Nf6 12. d3 e5 13. Nf3 Nd7 14. d4 Nxb4 15. Be2 Qe6 16. d5 cxd5 17. Bxb4 dxe4 18. Qxe6+ fxe6 19. Bxf8 exf3 20. Bxg7 Rg8 21. gxf3 Rxg7 22. Bxb5 Kf8 23. Ke2 Nb6 24. Rc1 Bb7 25. Nd2 Nd5 26. Kf1 Nf4 27. Rc5 Rg2 28. h4 Rh2 29. Kg1 Rxh4 30. Rxe5 Rh6 31. Rc5 Rg6+ 32. Kf1 h5 33. Rc4 e5 34. Rc5 Bd5 35. Bc4 Rc6 36. Rxc6 Bxc6 37. Kg1 Kg7 1/2-1/2

[Event "USA-ch Juniors Open 2019"]
[Site "Saint Louis"]
[Date "2019.07.20"]
[Round "9.1"]
[White "Hilby, Craig"]
[Black "Vaidya, Atulya"]
[Result "1/2-1/2"]
[ECO "B12"]
[WhiteElo "2433"]
[BlackElo "2118"]
[Annotator "NA"]
[PlyCount "71"]
[EventDate "2019.07.09"]
[EventType "tourn"]
[EventCountry "USA"]
[SourceTitle "playchess.com"]
[Source "ChessBase"]
[SourceQuality "1"]
[TimeControl "40/5400+30:1800+30"]

1. e4 c6 2. d4 d5 3. e5 Bf5 4. h4 h5 5. Bd3 Bxd3 6. Qxd3 e6 7. Bg5 Be7 8. Nf3 Bxg5 9. hxg5 Qb6 10. Nc3 Ne7 11. O-O-O Na6 12. g4 Qa5 13. Rxh5 Rf8 14. Kb1 b5 15. Nd2 Qb6 16. Nb3 Nb4 17. Qe3 a5 18. Nc5 Na6 19. Nxa6 Qxa6 20. Rdh1 Kd7 21. Rh7 Rg8 22. Ne2 b4 23. Nc1 c5 24. dxc5 Qc4 25. Nd3 a4 26. Qf4 b3 27. Qxc4 dxc4 28. Nf4 Rgb8 29. a3 bxc2+ 30. Kxc2 Rb5 31. Rd1+ Nd5 32. Nxd5 exd5 33. Rxg7 Rab8 34. Rxd5+ Ke6 35. Rd6+ Kxe5 36. Rb6 1/2-1/2

[Event "USA-ch Juniors Open 2019"]
[Site "Saint Louis"]
[Date "2019.07.20"]
[Round "9.3"]
[White "Sheng, Joshua"]
[Black "Yu, Jennifer"]
[Result "1-0"]
[ECO "C24"]
[WhiteElo "2449"]
[BlackElo "2341"]
[Annotator "ChessBase"]
[PlyCount "83"]
[EventDate "2019.07.09"]
[EventType "tourn"]
[EventCountry "USA"]
[SourceTitle "playchess.com"]
[Source "ChessBase"]
[SourceQuality "1"]
[TimeControl "40/5400+30:1800+30"]

1. e4 e5 2. Bc4 Nf6 3. d3 c6 4. Nf3 d5 5. Bb3 a5 6. a4 Bd6 7. exd5 Nxd5 8. O-O O-O 9. Re1 Nd7 10. Bg5 Qc7 11. Na3 Bxa3 12. Rxa3 f6 13. Bh4 N7b6 14. d4 Bg4 15. dxe5 fxe5 16. Ba2 Kh8 17. h3 Bxf3 18. Rxf3 Nxa4 19. Rxf8+ Rxf8 20. c4 Nxb2 21. Qc2 Nxc4 22. Bxc4 Nf4 23. Bg3 Qd6 24. Ba2 b5 25. Bb1 g6 26. Qc3 b4 27. Qa1 Qd5 28. Be4 Qb5 29. Bxc6 Qxc6 30. Qxe5+ Qf6 31. Bxf4 Qxe5 32. Bxe5+ Kg8 33. Rc1 b3 34. Rc7 Re8 35. f4 a4 36. Rg7+ Kf8 37. Rb7 Rc8 38. Rxh7 Rc1+ 39. Kh2 a3 40. Bd6+ Kg8 41. Bxa3 Ra1 42. Rg7+ 1-0

[Event "USA-ch Juniors Open 2019"]
[Site "Saint Louis"]
[Date "2019.07.20"]
[Round "9.5"]
[White "Niemann, Hans Moke"]
[Black "Checa, Nicolas"]
[Result "1/2-1/2"]
[ECO "A06"]
[WhiteElo "2467"]
[BlackElo "2506"]
[Annotator "ChessBase"]
[PlyCount "60"]
[EventDate "2019.07.09"]
[EventType "tourn"]
[EventCountry "USA"]
[SourceTitle "playchess.com"]
[Source "ChessBase"]
[SourceQuality "1"]
[TimeControl "40/5400+30:1800+30"]

1. Nf3 d5 2. e3 Nf6 3. c4 c6 4. Nc3 a6 5. d4 b5 6. cxd5 cxd5 7. Bd3 e6 8. a4 b4 9. Ne2 Nc6 10. b3 Bd6 11. Bb2 Bb7 12. O-O O-O 13. Ng3 a5 14. Rc1 Ne7 15. Ne5 Ba6 16. Bxa6 Rxa6 17. Qd3 Ra8 18. Qb5 Rb8 19. Qa6 Ra8 20. Qb5 Rb8 21. Qa6 Qb6 22. Qxb6 Rxb6 23. Rc2 Rc8 24. Rxc8+ Nxc8 25. Rc1 Ne7 26. Nd3 Kf8 27. f3 Ke8 28. Kf2 h5 29. Nf1 Rc6 30. Rxc6 Nxc6 1/2-1/2